 Dungeon Crawl Stone Soup version 0.29-a0-653-gd47aff6735 (webtiles) character file.

Game seed: 3707579434174808362

61 DocClef the Chopper (level 4, 0/35 HPs)
             Began as a Formicid Fighter on June 21, 2022.
             Succumbed to a goblin's poison
             ... on level 2 of the Dungeon.
             The game lasted 00:01:48 (2033 turns).

DocClef the Chopper (Formicid Fighter)              Turns: 2033, Time: 00:01:48

Health: 0/35       AC:  9    Str: 22    XL:     4   Next: 27%
Magic:  4/4        EV:  9    Int:  8    God:
Gold:   97         SH:  5    Dex: 13    Spells: 3/3 levels left

rFire   . . .      SeeInvis +   a - +0 war axe
rCold   . . .      Faith    .   c - +0 buckler
rNeg    . . .      Spirit   .   h - +3 scale mail
rPois   .          Reflect  .   (helmet unavailable)
rElec   .          Harm     .   (no cloak)
rCorr   .          Rampage  .   (no gloves)
Will    .....                   (no boots)
Stlth   ..........              (no amulet)
HPRegen 0.11/turn               (no ring)
MPRegen 0.09/turn               (no ring)

@: lethally poisoned (0 -> -15)
A: permanent stasis, dig shafts and tunnels, antennae 3, four strong arms
a: Dig, Shaft Self


You were on level 2 of the Dungeon.
You visited 1 branch of the dungeon, and saw 3 of its levels.

You collected 97 gold pieces.

Inventory:

Hand Weapons
 a - a +0 war axe (weapon)
Armour
 c - a +0 buckler (worn)
 h - a +3 scale mail (worn)
Scrolls
 f - 3 scrolls of identify
Potions
 d - a potion of might
 e - 2 potions of curing
 i - a potion of heal wounds


   Skills:
 - Level 3.2 Fighting
 + Level 4.2 Axes
 - Level 3.2 Armour
 - Level 4.0 Shields


You had 3 spell levels left.
You didn't know any spells.
Your spell library contained the following spells:

 Spells                   Type           Power      Damage    Failure   Level
 Sandblast                Erth           0%         2d4       80%         1
 Passwall                 Tmut/Erth      0%         N/A       91%         2
 Stone Arrow              Conj/Erth      0%         3d7       99%         3


Dungeon Overview and Level Annotations

Branches:
Dungeon (3/15)

Altars:
Fedhas

Annotations:
D:3 Robin


Innate Abilities, Weirdness & Mutations

You cannot be hasted, slowed, berserked, paralysed or teleported.
You can dig through walls and to a lower floor.
You have a pair of large antennae on your head. (SInv)
Your four strong arms can wield two-handed weapons with a shield.


Message History

The goblin hits you but does no damage. You block the goblin's attack.
Robin throws the goblin at you! The goblin closely misses you.
The goblin hits you with a +0 club.
The hobgoblin hits you but does no damage.
You climb upwards.
You feel sick.
There is a stone staircase leading down here.
You barely miss the goblin. You hit the hobgoblin but do no damage.
You barely miss the goblin.
You feel sick. You block the goblin's attack.
The goblin hits you but does no damage.
You are more poisoned.
The hobgoblin hits you but does no damage.
The goblin closely misses you. The hobgoblin barely misses you.
The goblin hits you with a +1 dagger of venom.
You are more poisoned.
You completely miss the goblin. You hit the hobgoblin. You hit the goblin.
You feel very sick. You block the goblin's attack.
The goblin hits you but does no damage.
You are lethally poisoned!
The hobgoblin hits you but does no damage.
You slash the goblin!
You kill the goblin!
You slash the hobgoblin!
You kill the hobgoblin!
You closely miss the goblin.
* * * LOW HITPOINT WARNING * * *
You feel extremely sick. You block the goblin's attack.
You hit the goblin.
The goblin is heavily wounded.
You closely miss the goblin. You hit the goblin but do no damage.
* * * LOW HITPOINT WARNING * * *
You feel very sick.
The goblin no longer looks unusually strong.
The goblin closely misses you. The goblin barely misses you.
The goblin hits you but does no damage.
You slash the goblin!
You kill the goblin!
You closely miss the goblin. You hit the goblin.
You kill the goblin!
You die...

####.................
#....##########.##.#.
####.#### #.##.#.
#.......# #.##...
#.##.##.# #.####.
#.##.##.##########.####.
#.##.##.##.......#......
#.##.##)##..)....######†
#)##.##@##.......# ###.
#.....g)##.......# #...
####.#####.......# #.##
#.# #.......# #.# #.#
#.......# #.#
####.########)#### #.#
#.........# #.# #.#
#.#..##.#.###.#######.#
##.#..##.#...........#.#


You could see a goblin.

Vanquished Creatures
  An adder (D:2)
  2 worms (D:2)
  5 ball pythons
  A bat (D:1)
  7 endoplasms
  3 giant cockroaches
  5 hobgoblins
  A quokka (D:2)
  2 frilled lizards (D:1)
  11 goblins
  5 kobolds
  A rat (D:1)
44 creatures vanquished.

Notes
Turn   | Place    | Note
-------+----------+-------------------------------------------
     0 | D:1      | DocClef the Formicid Fighter began the quest for the Orb.
     0 | D:1      | Reached XP level 1. HP: 18/18 MP: 1/1
   192 | D:1      | Reached XP level 2. HP: 21/24 MP: 2/2
   846 | D:1      | Reached XP level 3. HP: 29/29 MP: 3/3
  1061 | D:1      | Found a faded altar of an unknown god.
  1168 | D:2      | Found a blossoming altar of Fedhas.
  1524 | D:2      | Reached XP level 4. HP: 33/35 MP: 4/4
  2014 | D:3      | Noticed Robin
  2033 | D:2      | Succumbed to a goblin's poison

Illustrated notes

Levels and vault maps discovered:
D:1:      minmay_arrival_open_corners, layout_basic,
          shapermc_ecumenical_altar_hornbeckon, minivault_14
D:2:      layout_loops_cross, basic_altar
D:3:      layout_rooms, serial_shops, shop, uniq_robin

Skill      XL: |  1  2  3 |
---------------+----------+-----
Axes           | 3 4 |  4.2
Fighting       | |  3.2
Armour         | |  3.2
Shields        | |  4.0

Action                   |  1- 3 |  4- 6 || total
-------------------------+-------+-------++-------
Melee: War axe           |    77 |    16 ||    93
  Use: Scroll            |     2 |     2 ||     4
       Potion            |       |     2 ||     2
Armor: Scale mail        |    23 |    19 ||    42
Dodge: Dodged            |    25 |     8 ||    33
Block: Buckler           |    19 |     6 ||    25

Table legend: (Time is in decaauts)
 A = Elapsed time spent in this place.
 B = Non-inter-level travel time spent in this place.
 C = Inter-level travel time spent in this place.
 D = Time resting spent in this place.
 E = Time spent auto-exploring this place.
 F = Levels seen in this place.
 G = Mean time per level.
                   A        B        C        D        E       F      G
               +--------+--------+--------+--------+--------+-----+--------+
         Total |   2075 |   1928 |    147 |    233 |   1396 |   3 |  691.7 |
       Dungeon |   2075 |   1928 |    147 |    233 |   1396 |   3 |  691.7 |
               +--------+--------+--------+--------+--------+-----+--------+

Top non-repeatable levels by time:
     D:1: 1125 daAuts
     D:2: 942 daAuts
     D:3: 7 daAuts
